TOP OF THE 1ST |
National League All-Stars batting - Pitching for Continental League All-Stars : RHP Kevin Bush
|
Pitching: RHP Kevin Bush
|
|
Batting: LHB Clyde Yarbrough
|
0-0: Called Strike 0-1: Ball 1-1: Foul Ball, location: 2F 1-2: Ball 2-2: Fly out, F9 (Line Drive, 9S)
|
Batting: RHB José Salazar
|
0-0: SINGLE (Groundball, 6MD)
|
Batting: LHB Troy Donaldson
|
0-0: Ball 1-0: Fly out, F6 (Popup, 6D)
|
Batting: RHB Rich Anderson
|
0-0: Ball 1-0: Foul Ball, location: 2F 1-1: Ball 2-1: DOUBLE (Flyball, 78D) José Salazar to third
|
Batting: LHB Seung-chun Mun
|
0-0: Swinging Strike 0-1: Foul Ball, location: 2F 0-2: Ball 1-2: Foul Ball, location: 2F 1-2: Ball 2-2: Ground out U3 (Groundball, 3)
|
Top of the 1st over - 0 run(s), 2 hit(s), 0 error(s), 2 left on base; National League 0 - Continental League 0 |
BOTTOM OF THE 1ST |
Continental League All-Stars batting - Pitching for National League All-Stars : LHP Masutaro Koyama
|
Pitching: LHP Masutaro Koyama
|
|
Batting: RHB Ricardo González
|
0-0: Called Strike 0-1: Called Strike 0-2: Foul Ball, location: 9LSF 0-2: Ball 1-2: Ball 2-2: Ball 3-2: Foul Ball, location: 2F 3-2: Foul Ball, location: 3F 3-2: Fly out, F8 (Line Drive, 78M)
|
Batting: LHB Paco Rosas
|
0-0: Called Strike 0-1: Foul Ball, location: 5DF 0-2: Strikes out swinging
|
Batting: LHB Jeff Daniels
|
0-0: Ball 1-0: Ball 2-0: Foul Ball, location: 2F 2-1: Ball 3-1: Foul Ball, location: 5SF 3-2: Strikes out swinging
|
Bottom of the 1st over - 0 run(s), 0 hit(s), 0 error(s), 0 left on base; National League 0 - Continental League 0 |
TOP OF THE 2ND |
National League All-Stars batting - Pitching for Continental League All-Stars : RHP Kevin Bush
|
Batting: LHB Doug Thompson
|
0-0: Ball 1-0: Swinging Strike 1-1: Foul Ball, location: 2F 1-2: Ball 2-2: SINGLE (Groundball, 4MD)
|
Batting: LHB Jerry Bryan
|
0-0: Swinging Strike 0-1: Ball 1-1: Foul Ball, location: 2F 1-2: Grounds into double play, 1-6-3 (Groundball, 13)
|
Batting: SHB Tim Abbott
|
0-0: Ball 1-0: Swinging Strike 1-1: Ball 2-1: Foul Ball, location: 2F 2-2: Foul Ball, location: 2F 2-2: Ball 3-2: Foul Ball, location: 2F 3-2: Foul Ball, location: 2F 3-2: Strikes out swinging
|
Top of the 2nd over - 0 run(s), 1 hit(s), 0 error(s), 0 left on base; National League 0 - Continental League 0 |
BOTTOM OF THE 2ND |
Continental League All-Stars batting - Pitching for National League All-Stars : LHP Masutaro Koyama
|
Batting: RHB Miguel Serna
|
0-0: SINGLE (Line Drive, 9S)
|
Batting: LHB Derek Davidson
|
0-0: Called Strike 0-1: Called Strike 0-2: Ball 1-2: Ball 2-2: Grounds into double play, 3-6-3 (Groundball, 3)
|
Batting: LHB Paul Mullins
|
0-0: Foul Ball, location: 2F 0-1: Fly out, F6 (Popup, 6D)
|
Bottom of the 2nd over - 0 run(s), 1 hit(s), 0 error(s), 0 left on base; National League 0 - Continental League 0 |
TOP OF THE 3RD |
National League All-Stars batting - Pitching for Continental League All-Stars : RHP Kevin Bush
|
Pitching: LHP Albert Lebel
|
|
Batting: LHB Jack Hewat
|
0-0: Called Strike 0-1: Foul Ball, location: 2F 0-2: Ball 1-2: Foul Ball, location: 5SF 1-2: Ball 2-2: Ball 3-2: Ground out 6-3 (Groundball, 6)
|
Batting: LHB Clyde Yarbrough
|
0-0: Ball 1-0: Ball 2-0: Called Strike 2-1: Foul Ball, location: 2F 2-2: Ground out U3 (Groundball, 34)
|
Batting: RHB José Salazar
|
0-0: Called Strike 0-1: Ball 1-1: Ball 2-1: Foul Ball, location: 2F 2-2: Foul Ball, location: 2F 2-2: DOUBLE (Line Drive, 7LM)
|
Batting: LHB Troy Donaldson
|
0-0: Swinging Strike 0-1: Foul Ball, location: 5SF 0-2: Strikes out looking
|
Top of the 3rd over - 0 run(s), 1 hit(s), 0 error(s), 1 left on base; National League 0 - Continental League 0 |
BOTTOM OF THE 3RD |
Continental League All-Stars batting - Pitching for National League All-Stars : RHP Vicente Durán
|
Pitching: RHP Vicente Durán
|
|
Batting: RHB Doug Stephens
|
0-0: Ball 1-0: Foul Ball, location: 2F 1-1: Ball 2-1: Ball 3-1: Foul Ball, location: 2F 3-2: Foul Ball, location: 2F 3-2: SINGLE (Flyball, 8LS)
|
Batting: LHB Brock Larsen
|
0-0: Fly out, F7 (Line Drive, 7D)
|
Batting: RHB Paco Arellano
|
0-0: Foul Ball, location: 2F 0-1: Fly out, F3 (Popup, 3S)
|
Batting: RHB Ricardo González
|
0-0: Called Strike 0-1: Ball 1-1: Ball 2-1: Ball 3-1: Called Strike 3-2: Strikes out swinging
|
Bottom of the 3rd over - 0 run(s), 1 hit(s), 0 error(s), 1 left on base; National League 0 - Continental League 0 |
TOP OF THE 4TH |
National League All-Stars batting - Pitching for Continental League All-Stars : LHP Albert Lebel
|
Pitching: RHP Roland Martin
|
|
Batting: RHB Rich Anderson
|
0-0: Fly out, F8 (Flyball, 8LD)
|
Batting: LHB Seung-chun Mun
|
0-0: Ball 1-0: DOUBLE (Flyball, 8RXD)
|
Batting: LHB Doug Thompson
|
0-0: Called Strike 0-1: Foul Ball, location: 2F 0-2: Ball 1-2: Foul Ball, location: 2F 1-2: Ball 2-2: Ball 3-2: Foul Ball, location: 2F 3-2: Strikes out swinging
|
Batting: LHB Jerry Bryan
|
0-0: Called Strike 0-1: Ball 1-1: Called Strike 1-2: Strikes out looking
|
Top of the 4th over - 0 run(s), 1 hit(s), 0 error(s), 1 left on base; National League 0 - Continental League 0 |
BOTTOM OF THE 4TH |
Continental League All-Stars batting - Pitching for National League All-Stars : RHP Vicente Durán
|
Pitching: RHP Robert Reeves
|
|
Batting: LHB Paco Rosas
|
0-0: Ball 1-0: Ball 2-0: Ground out 3-1 (Groundball, 34)
|
Batting: LHB Jeff Daniels
|
0-0: Swinging Strike 0-1: Ball 1-1: Fly out, F9 (Flyball, 9LM)
|
Batting: RHB Miguel Serna
|
0-0: Called Strike 0-1: Ball 1-1: Ball 2-1: Foul Ball, location: 2F 2-2: Strikes out swinging
|
Bottom of the 4th over - 0 run(s), 0 hit(s), 0 error(s), 0 left on base; National League 0 - Continental League 0 |
TOP OF THE 5TH |
National League All-Stars batting - Pitching for Continental League All-Stars : RHP Roland Martin
|
Pitching: LHP Ben Moody
|
|
Batting: SHB Tim Abbott
|
0-0: Called Strike 0-1: Foul Ball, location: 5DF 0-2: Ball 1-2: Foul Ball, location: 2F 1-2: Fly out, F4 (Popup, 4)
|
Batting: LHB Jack Hewat
|
0-0: Ball 1-0: SINGLE (Line Drive, 78M)
|
Batting: LHB Clyde Yarbrough
|
0-0: Called Strike 0-1: Foul Ball, location: 2F 0-2: Ball 1-2: Ball 2-2: Fly out, F9 (Line Drive, 9)
|
Pinch Hitting: LHB Bob Martin
|
0-0: Fielders Choice at 2nd, 6-4 (Groundball, 6D)
|
Top of the 5th over - 0 run(s), 1 hit(s), 0 error(s), 0 left on base; National League 0 - Continental League 0 |
BOTTOM OF THE 5TH |
Continental League All-Stars batting - Pitching for National League All-Stars : RHP Robert Reeves
|
Pitching: RHP Jeffrey King
|
|
Now at 3B: Bob Martin
|
|
Batting: LHB Derek Davidson
|
0-0: Called Strike 0-1: Foul Ball, location: 2F 0-2: Ball 1-2: Ground out 4-3 (Groundball, 4)
|
Batting: LHB Paul Mullins
|
0-0: Ball 1-0: Ground out U3 (Groundball, 3)
|
Batting: RHB Doug Stephens
|
0-0: Ball 1-0: Called Strike 1-1: SINGLE (Flyball, 6MD)
|
Batting: LHB Brock Larsen
|
0-0: Fly out, F8 (Flyball, 8LXD)
|
Bottom of the 5th over - 0 run(s), 1 hit(s), 0 error(s), 1 left on base; National League 0 - Continental League 0 |
TOP OF THE 6TH |
National League All-Stars batting - Pitching for Continental League All-Stars : LHP Ben Moody
|
Pitching: RHP Randy Mailman
|
|
Pinch Hitting: LHB Mario García
|
0-0: Ball 1-0: Foul Ball, location: 2F 1-1: Swinging Strike 1-2: Ball 2-2: Strikes out swinging
|
Batting: RHB Rich Anderson
|
0-0: Ball 1-0: Fly out, F9 (Flyball, 9LSF)
|
Batting: LHB César Valentín
|
0-0: Ball 1-0: Foul Ball, location: 2F 1-1: Ball 2-1: SOLO HOME RUN (Flyball, 9D), Distance : 456 ft
|
Pitching: RHP Jorge Delgado
|
|
Batting: LHB Doug Thompson
|
0-0: Called Strike 0-1: Swinging Strike 0-2: Ball 1-2: Strikes out swinging
|
Top of the 6th over - 1 run(s), 1 hit(s), 0 error(s), 0 left on base; National League 1 - Continental League 0 |
BOTTOM OF THE 6TH |
Continental League All-Stars batting - Pitching for National League All-Stars : RHP Jeffrey King
|
Pitching: LHP Dave Smeddon
|
|
Now in CF: Mario García
|
|
Batting: RHB Paco Arellano
|
0-0: Ball 1-0: Ground out 5-3 (Groundball, 56S)
|
Pinch Hitting: RHB Aaron Scott
|
0-0: Ball 1-0: Swinging Strike 1-1: Swinging Strike 1-2: Hit by Pitch
|
Pinch Hitting: LHB Robin Hill
|
0-0: Fly out, F3 (Line Drive, 3S)
|
Batting: LHB Matt Smith
|
0-0: SINGLE (Groundball, 6D) Aaron Scott to second
|
Batting: RHB Miguel Serna
|
0-0: Ball 1-0: Ground out 4-3 (Groundball, 4M)
|
Bottom of the 6th over - 0 run(s), 1 hit(s), 0 error(s), 2 left on base; National League 1 - Continental League 0 |
TOP OF THE 7TH |
National League All-Stars batting - Pitching for Continental League All-Stars : RHP Jorge Delgado
|
Pitching: RHP Alonso Gallardo
|
|
Now at 2B: Aaron Scott
|
|
Now in CF: Robin Hill
|
|
Batting: LHB Jerry Bryan
|
0-0: Ball 1-0: DOUBLE (Groundball, 3L)
|
Pinch Hitting: RHB Dave Craig
|
0-0: Intentional Walk
|
Pitching: RHP Dionisio Penni
|
|
Batting: LHB Jack Hewat
|
0-0: Ball 1-0: Ball 2-0: Ball 3-0: Called Strike 3-1: Called Strike 3-2: Base on Balls Jerry Bryan to third Dave Craig to second
|
Pinch Hitting: LHB Andrew Alvarado
|
0-0: Called Strike 0-1: Foul Ball, location: 2F 0-2: Ball 1-2: Ball 2-2: Ball Wild Pitch! Jerry Bryan scores Dave Craig to third Jack Hewat to second 3-2: Intentional Walk
|
Pinch Hitting: RHB Jesús Espinoza
|
0-0: Fly out, F8 (Flyball, 89S) Runner from 3rd tags up, SCORES, no throw
|
Batting: LHB Mario García
|
0-0: Fielders Choice at 2nd, 6-4 (Groundball, 6M) Jack Hewat to third
|
Pitching: RHP David Simpson
|
|
Batting: RHB Rich Anderson
|
0-0: Fly out, F8 (Flyball, 8LM)
|
Top of the 7th over - 2 run(s), 1 hit(s), 0 error(s), 2 left on base; National League 3 - Continental League 0 |
BOTTOM OF THE 7TH |
Continental League All-Stars batting - Pitching for National League All-Stars : LHP Dave Smeddon
|
Pitching: RHP Scot MacIntosh
|
|
Now at 3B: Jesús Espinoza
|
|
Now at SS: Dave Craig
|
|
Now in LF: Andrew Alvarado
|
|
Pinch Hitting: LHB Juan Cortés
|
0-0: Ball 1-0: Ball 2-0: Called Strike 2-1: Foul Ball, location: 2F 2-2: Ground out 4-3 (Groundball, 4S)
|
Pinch Hitting: LHB Elliott Newell
|
0-0: Fly out, F7 (Flyball, 78M)
|
Pinch Hitting: RHB Kenneth Roberts
|
0-0: Foul Ball, location: 2F 0-1: Ball 1-1: Called Strike 1-2: Strikes out swinging
|
Bottom of the 7th over - 0 run(s), 0 hit(s), 0 error(s), 0 left on base; National League 3 - Continental League 0 |
TOP OF THE 8TH |
National League All-Stars batting - Pitching for Continental League All-Stars : RHP David Simpson
|
Pitching: RHP Adrián Martínez
|
|
Now at C: Kenneth Roberts
|
|
Now at 1B: Elliott Newell
|
|
Now in RF: Juan Cortés
|
|
Batting: LHB César Valentín
|
0-0: Called Strike 0-1: Ball 1-1: Ball 2-1: Swinging Strike 2-2: Ball 3-2: Foul Ball, location: 2F 3-2: Fly out, F9 (Line Drive, 89M)
|
Batting: LHB Doug Thompson
|
0-0: Swinging Strike 0-1: Called Strike 0-2: Foul Ball, location: 2F 0-2: Foul Ball, location: 2F 0-2: Ball 1-2: Foul Ball, location: 2F 1-2: Foul Ball, location: 2F 1-2: Strikes out looking
|
Pitching: LHP Cristián Escobar
|
|
Batting: LHB Jerry Bryan
|
0-0: Ball 1-0: Ground out 4-3 (Groundball, 34D)
|
Top of the 8th over - 0 run(s), 0 hit(s), 0 error(s), 0 left on base; National League 3 - Continental League 0 |
BOTTOM OF THE 8TH |
Continental League All-Stars batting - Pitching for National League All-Stars : RHP Scot MacIntosh
|
Pitching: LHP Manuel Parra
|
|
Pinch Hitting: LHB Jim Jensen
|
0-0: Swinging Strike 0-1: Called Strike 0-2: Ball 1-2: Ball 2-2: Ground out 1-3 (Groundball, 13S)
|
Pitching: RHP Bartolo García
|
|
Pinch Hitting: LHB Bob Cunningham
|
0-0: Foul Ball, location: 2F 0-1: Ball 1-1: SOLO HOME RUN (Flyball, 8RXD), Distance : 414 ft
|
Pinch Hitting: RHB Chris Chandler
|
0-0: Ground out 6-3 (Groundball, 6)
|
Pitching: RHP Jerry Good
|
|
Batting: LHB Robin Hill
|
0-0: Ball 1-0: Ball 2-0: Ball 3-0: Called Strike 3-1: Foul Ball, location: 2F 3-2: Base on Balls
|
Batting: RHB Enzo Díaz
|
0-0: Ball 1-0: Foul Ball, location: 2F 1-1: Fly out, F9 (Flyball, 89S)
|
Bottom of the 8th over - 1 run(s), 1 hit(s), 0 error(s), 1 left on base; National League 3 - Continental League 1 |
TOP OF THE 9TH |
National League All-Stars batting - Pitching for Continental League All-Stars : LHP Cristián Escobar
|
Pitching: RHP Beau Brown
|
|
Now at 2B: Chris Chandler
|
|
Now at SS: Jim Jensen
|
|
Now in CF: Bob Cunningham
|
|
Pinch Hitting: LHB Luis González
|
0-0: Ball 1-0: Swinging Strike 1-1: Ball 2-1: SINGLE (Groundball, 4MD)
|
Batting: LHB Jack Hewat
|
0-0: Ball Luis González steals 2nd base 1-0: Ball Wild Pitch! Luis González to third 2-0: Foul Ball, location: 2F 2-1: Ball 3-1: Called Strike 3-2: Base on Balls
|
Pitching: RHP Oscar Wheeler
|
|
Batting: LHB Andrew Alvarado
|
0-0: Ball 1-0: Ball 2-0: Called Strike 2-1: Ball 3-1: DOUBLE (Line Drive, 89XD) Luis González scores Jack Hewat to third Runner from 3rd tries for Home, throw and OUT!
|
Batting: RHB Jesús Espinoza
|
0-0: Intentional Walk
|
Batting: LHB Mario García
|
0-0: Ball 1-0: Ball 2-0: Foul Ball, location: 2F 2-1: Called Strike 2-2: Foul Ball, location: 2F 2-2: Ball 3-2: SINGLE (Groundball, 56S) (infield hit) Andrew Alvarado to third Jesús Espinoza to second
|
Pinch Hitting: RHB Earl Wiggins
|
0-0: Grounds into double play, 6-2-3 (Groundball, 6)
|
Top of the 9th over - 1 run(s), 3 hit(s), 0 error(s), 2 left on base; National League 4 - Continental League 1 |
BOTTOM OF THE 9TH |
Continental League All-Stars batting - Pitching for National League All-Stars : RHP Jerry Good
|
Pitching: RHP Luis Féliz
|
|
Now at C: Earl Wiggins
|
|
Now at SS: Luis González
|
|
Pinch Hitting: RHB Dani Vázquez
|
0-0: Ball 1-0: Foul Ball, location: 2F 1-1: Foul Ball, location: 2F 1-2: Ball 2-2: Ball 3-2: Fly out, F9 (Flyball, 9S)
|
Pitching: LHP Edgardo Guzmán
|
|
Batting: LHB Juan Cortés
|
0-0: Called Strike 0-1: Ball 1-1: Ball 2-1: Ball 3-1: Foul Ball, location: 2F 3-2: Foul Ball, location: 2F 3-2: Fly out, F4 (Popup, 4D)
|
Pitching: RHP Robinson Gonzáles
|
|
Batting: LHB Elliott Newell
|
0-0: Called Strike 0-1: Ball 1-1: Ball 2-1: Called Strike 2-2: Fly out, F7 (Flyball, 78S)
|
Bottom of the 9th over - 0 run(s), 0 hit(s), 0 error(s), 0 left on base; National League 4 - Continental League 1 |
|